AoeStats
← Okillebo

Arabia

508081140Analyzed
1v1 RM · 11d ago on Sep 20, 2026· 48m 23s· 2 players
Game mode
Random Map
Map size
Tiny (2 player)
Population
200
Speed
Normal
Resources
Standard
Victory
Conquest
Starting age
Dark Age
Ending age
Imperial Age
RankedLock teamsTeams togetherTeam positionsShared explorationLock speedFull tech treeHidden civsTurbo modeCheats
Victory
Defeat
🇫🇷 Franks · France
896
+16
🇦🇷 Burgundians · Argentina
898
-16
Okillebo
7:50 Loom
10:13 Feudal Age
17:25 Castle Age
16:07 Double-Bit Axe
17:07 Scale Barding Armor
18:39 Gold Mining
32:38 Chain Barding Armor
32:29 Forging
32:12 Fletching
33:10 Gold Shaft Mining
34:29 Ballistics
34:05 Murder Holes
35:26 Bow Saw
36:25 Husbandry
35:55 Pikeman
36:35 Squires
40:36 Imperial Age
38:25 Herbal Medicine
41:02 #83
41:54 Conscription
41:11 Cavalier
43:35 Plate Barding Armor
43:37 Iron Casting
42:54 Halberdier
48:16 Stone Mining
48:13 Heavy Scorpion
ToroSentado|_|
2:10 Wheelbarrow
5:22 Loom
8:18 Double-Bit Axe
11:58 Feudal Age
11:32 Horse Collar
13:04 Hand Cart
13:30 Bow Saw
15:55 Heavy Plow
16:08 Gold Mining
17:29 Gold Shaft Mining
23:22 Castle Age
24:26 Forging
24:17 Scale Mail Armor
25:49 Crop Rotation
25:42 Squires
26:41 Chain Mail Armor
26:38 Scale Barding Armor
26:51 Husbandry
29:39 Stone Mining
30:54 Iron Casting
30:26 Arson
30:34 Cavalier
33:23 Cavalier
34:01 Fletching
34:38 Pikeman
36:40 Chain Barding Armor
37:40 Burgundian Vineyards
40:47 Bodkin Arrow
44:05 Imperial Age
44:51 Ballistics
45:40 Halberdier
Connection lost

Rejoining the realm…

Still unreachable

The connection could not be restored.

Session expired

The server has moved on; the page needs a fresh start.